AoeStats
← joshmoody24

Arabia

504613376Analyzed
1v1 RM · 25d ago on Sep 5, 2026· 47m 6s· 2 players
Game mode
Random Map
Map size
Tiny (2 player)
Population
200
Speed
Normal
Resources
Standard
Victory
Conquest
Starting age
Dark Age
Ending age
Imperial Age
RankedLock teamsTeams togetherTeam positionsShared explorationLock speedFull tech treeHidden civsTurbo modeCheats
Victory
Defeat
🇺🇸 Ethiopians · United States
867
+17
🇺🇸 Huns · United States
895
-17
joshmoody24
5:18 Loom
11:20 Feudal Age
16:54 Castle Age
17:47 Scale Mail Armor
17:56 Double-Bit Axe
17:54 Horse Collar
36:22 Chain Mail Armor
38:21 Forging
39:24 Heavy Plow
40:30 Wheelbarrow
42:17 Bow Saw
43:56 Gold Mining
48:41 Imperial Age
46:29 Hand Cart
46:55 Iron Casting
Gramps
6:25 Loom
10:06 Feudal Age
10:31 Horse Collar
22:27 Bloodlines
24:35 Castle Age
23:48 Bloodlines
25:23 Husbandry
30:33 Scale Barding Armor
30:39 Forging
31:27 Double-Bit Axe
31:44 Heavy Plow
32:07 Chain Barding Armor
35:17 Wheelbarrow
40:06 Imperial Age
39:20 Iron Casting
42:03 Plate Barding Armor
Connection lost

Rejoining the realm…

Still unreachable

The connection could not be restored.

Session expired

The server has moved on; the page needs a fresh start.